 Dungeon Crawl Stone Soup version 0.28.0-53-g5a82cb258f (webtiles) character file.

Game seed: 1724470794682974984

4004 Peloso the Protected (level 10, -2/86 HPs)
             Began as a Minotaur Fighter on July 12, 2022.
             Was a Believer of Okawaru.
             Killed by divine providence
             ... invoked by an orc priest
              (11 damage)
             ... on level 9 of the Dungeon.
             The game lasted 00:16:30 (8594 turns).

Peloso the Protected (Minotaur Fighter)             Turns: 8594, Time: 00:16:31

Health: -2/86      AC: 16    Str: 23    XL:     10   Next: 3%
Magic:  8/9        EV:  8    Int:  5    God:    Okawaru [**....]
Gold:   176        SH:  6    Dex: 12    Spells: 9/9 levels left

rFire   . . .      SeeInvis .   a - +1 long sword (flame)
rCold   . . .      Faith    .   B - +0 buckler
rNeg    . . .      Spirit   .   n - +0 plate armour
rPois   .          Reflect  .   (helmet restricted)
rElec   .          Harm     .   w - scarf {repulsion}
rCorr   .          Rampage  .   f - +0 pair of gloves
Will    .....                   (no boots)
Stlth   ..........              (no amulet)
HPRegen 0.24/turn               (no ring)
MPRegen 0.11/turn               (no ring)

@: repel missiles
A: horns 2, retaliatory headbutt
a: Renounce Religion, Heroism


You were on level 9 of the Dungeon.
You worshipped Okawaru.
Okawaru was pleased with you.
You visited 2 branches of the dungeon, and saw 10 of its levels.

You collected 335 gold pieces.
You spent 159 gold pieces at shops.

Inventory:

Hand Weapons
 a - a +1 long sword of flaming (weapon)
 b - a +2 falchion of holy wrath
Armour
 c - a +4 scale mail
 f - a +0 pair of gloves (worn)
 n - a +0 plate armour (worn)
 w - a scarf of repulsion (worn)
 B - a +0 buckler (worn)
Jewellery
 q - an amulet of the acrobat
Wands
 d - a wand of flame (24)
 o - a wand of polymorph (6)
 p - a wand of digging (2)
 x - a wand of acid (13)
Scrolls
 e - 2 scrolls of immolation {unknown}
 h - a scroll of identify
 k - 5 scrolls of teleportation {unknown}
 l - a scroll of blinking
 t - a scroll of brand weapon {unknown}
 u - 2 scrolls of fog
 y - a scroll of fear {unknown}
 z - 2 scrolls of amnesia {unknown}
Potions
 g - 2 potions of flight
 i - 2 potions of cancellation
 j - a potion of invisibility
 m - 2 potions of resistance
 r - a potion of might
 s - 3 potions of curing
 v - 4 potions of mutation
 A - a potion of attraction {unknown}


   Skills:
 + Level 7.5 Fighting
 + Level 9.7 Long Blades
 + Level 10.7 Armour
 + Level 2.8 Dodging
 + Level 0.2 Stealth
 + Level 8.2 Shields
 + Level 0.1 Invocations
 + Level 0.9 Evocations


You had 9 spell levels left.
You didn't know any spells.
Your spell library contained the following spells:

 Spells                   Type           Power      Damage    Failure   Level
 Pain                     Necr           0%         1d4       100%        1
 Sandblast                Erth           0%         2d4       100%        1
 Shock                    Conj/Air       0%         1d3       100%        1
 Corpse Rot               Necr/Air       0%         N/A       100%        2
 Ensorcelled Hibernation  Hex/Ice        0%         N/A       100%        2
 Passwall                 Tmut/Erth      0%         N/A       100%        2
 Poisonous Vapours        Pois/Air       0%         N/A       100%        2
 Stone Arrow              Conj/Erth      0%         3d7       100%        3
 Swiftness                Air            0%         N/A       100%        3
 Vampiric Draining        Necr           0%         2d6       100%        3
 Airstrike                Air            0%         N/A       100%        4
 Leda's Liquefaction      Hex/Erth       0%         N/A       100%        4
 Lee's Rapid Deconstruct  Erth           0%         3d5*      100%        5
 Statue Form              Tmut/Erth      0%         N/A       100%        6
 Lehudib's Crystal Spear  Conj/Erth      0%         10d2      100%        8
 Animate Skeleton         Necr           Unusable   N/A       N/A         1
 Animate Armour           Summ/Erth      Unusable   N/A       N/A         4

Dungeon Overview and Level Annotations

Branches:
Dungeon (8/15)             Temple (1/1) D:5            Lair (0/6) D:9

Altars:
Ashenzari
Dithmenos
Elyvilon
Fedhas
Okawaru
Uskayaw
Vehumet
Beogh

Shops:
D:1 =   D:5 (   D:7 :


Innate Abilities, Weirdness & Mutations

You have a pair of horns on your head.
You reflexively headbutt those who attack you in melee.


Message History

You headbutt the orc warrior.
The orc warrior is severely wounded.
You feel like a meek peon again.
You slash the orc warrior! You burn the orc warrior.
You kill the orc warrior!
Okawaru accepts your kill.
You hit the orc warrior. You burn the orc warrior.
The orc warrior is moderately wounded.
The orc warrior misses you.
You closely miss the orc warrior.
You headbutt the orc warrior, but do no damage.
The orc warrior is moderately wounded.
The orc warrior hits you with a +0 scimitar!
You hit the orc warrior but do no damage.
Your headbutt misses the orc warrior.
The orc warrior is moderately wounded.
The orc priest looks satisfied for a moment.
The orc warrior barely misses you. You furiously retaliate!
You headbutt the orc warrior. You barely miss the orc warrior.
The orc warrior is heavily wounded.
The orc warrior barely misses you.
You hit the orc warrior. You burn the orc warrior.
The orc warrior is severely wounded.
The orc warrior barely misses you.
You hit the orc warrior but do no damage.
You headbutt the orc warrior!
The orc warrior is almost dead.
The orc warrior hits you with a +0 scimitar!
* * * LOW HITPOINT WARNING * * *
You hit the orc warrior but do no damage.
The orc warrior is almost dead.
The orc warrior hits you with a +0 scimitar!
* * * LOW HITPOINT WARNING * * *
You closely miss the orc warrior. You headbutt the orc warrior.
You kill the orc warrior!
Okawaru accepts your kill.
The orc priest calls down the wrath of Beogh upon you.
Beogh smites you!
You die... o..o# oooo# ooo. ooo oo

##o# #Oo# #)# .... #@#
#... ##.#### ###...
#.....# #..... #.....#
>... #.....# ..
#####.....#############
.......................
.......................
..................##.##.


You could see an orc warrior, an ogre, an orc priest and 12 orcs.

Vanquished Creatures
  Pikel (D:5)
  A gargoyle (D:7)
  Grinder (D:5)
  Prince Ribbit (D:5)
  Sigmund (D:2)
  Edmund (D:5)
  2 water moccasins
  4 orc warriors (D:9)
  2 necrophages
  A black bear (D:7)
  An ice beast (D:7)
  A sky beast (D:7)
  3 lemures (D:5)
  A kobold brigand (D:6)
  A scorpion (D:4)
  A wyvern zombie (D:7)
  A water moccasin zombie (D:5)
  3 killer bees (D:7)
  2 centaur zombies
  2 bullfrog zombies
  A jelly (D:7)
  A centaur skeleton (D:4)
  4 hounds
  2 orc priests
  A bullfrog skeleton (D:6)
  A gnoll shaman (D:7)
  2 iguanas
  Terence (D:2)
  Natasha (thrice) (D:4)
  5 orc wizards
  A killer bee zombie (D:5)
  A hound zombie (D:5)
  A hound skeleton (D:4)
  7 adders
  A gnoll (D:1)
  A howler monkey skeleton (D:7)
  A shadow imp (D:5)
  2 white imps
  2 worms (D:2)
  A dart slug (D:1)
  15 orcs
  5 endoplasms
  4 giant cockroaches
  7 goblins
  3 hobgoblins
  6 jackals
  12 kobolds
  5 quokkas
  6 ball pythons
  6 bats
  10 frilled lizards
  2 rats
151 creatures vanquished.

Vanquished Creatures (others)
  An orc wizard (D:4)
  2 plants
3 creatures vanquished.

Grand Total: 154 creatures vanquished

Notes
Turn   | Place    | Note
-------+----------+-------------------------------------------
     0 | D:1      | Peloso the Minotaur Fighter began the quest for the Orb.
     0 | D:1      | Reached XP level 1. HP: 19/19 MP: 0/0
    67 | D:1      | Found Petuta's Jewellery Emporium.
   266 | D:1      | Reached XP level 2. HP: 19/27 MP: 1/1
   273 | D:1      | Reached skill level 4 in Armour
   513 | D:1      | Reached XP level 3. HP: 29/33 MP: 2/2
  1154 | D:2      | Noticed Sigmund
  1508 | D:2      | Killed Sigmund
  1509 | D:2      | Reached skill level 1 in Dodging
  1509 | D:2      | Reached XP level 4. HP: 12/41 MP: 3/3
  1509 | D:2      | Reached XP level 5. HP: 14/47 MP: 4/4
  1931 | D:2      | Reached skill level 5 in Armour
  1948 | D:2      | Identified the +2 leather armour of Makhleb's Approval
                  | {Harm rElec Str-4 SInv}
  2036 | D:2      | Noticed Terence
  2044 | D:2      | Killed Terence
  2380 | D:3      | Reached XP level 6. HP: 49/55 MP: 5/5
  2969 | D:4      | Reached skill level 5 in Long Blades
  2977 | D:4      | Reached skill level 5 in Fighting
  3278 | D:4      | Noticed Natasha
  3295 | D:4      | Killed Natasha
  3336 | D:4      | Noticed Natasha
  3391 | D:4      | Killed Natasha
  3615 | D:4      | Reached XP level 7. HP: 52/61 MP: 6/6
  3732 | D:4      | Noticed Natasha
  3739 | D:4      | Killed Natasha
  3751 | D:4      | Found a blossoming altar of Fedhas.
  3760 | D:4      | Found a white marble altar of Elyvilon.
  3789 | D:4      | Noticed a +0 hand axe
  3789 | D:4      | Noticed a +0 hand axe
  3793 | D:4      | Found a hide-covered altar of Uskayaw.
  3801 | D:4      | Reached skill level 6 in Armour
  3858 | D:4      | Reached skill level 5 in Shields
  4363 | D:5      | Entered Level 5 of the Dungeon
  4436 | D:5      | Noticed Grinder
  4441 | D:5      | Paralysed by Grinder for 7 turns
  4452 | D:5      | Paralysed by Grinder for 5 turns
  4461 | D:5      | Killed Grinder
  4462 | D:5      | Reached skill level 7 in Armour
  4462 | D:5      | Reached XP level 8. HP: 63/70 MP: 7/7
  4677 | D:5      | Noticed Prince Ribbit
  4693 | D:5      | Killed Prince Ribbit
  4714 | D:5      | Noticed Pikel
  5287 | D:6      | Found an iron altar of Okawaru.
  5295 | D:6      | Became a worshipper of Warmaster Okawaru
  5334 | D:6      | Reached skill level 8 in Armour
  6111 | D:7      | Found Himaptua's Book Shoppe.
  6733 | D:7      | Noticed a gargoyle
  6739 | D:7      | Killed a gargoyle
  6740 | D:7      | Reached XP level 9. HP: 67/78 MP: 8/8
  6974 | D:7      | Found a broken altar of Ashenzari.
  7005 | D:7      | Reached * piety under Okawaru
  7009 | D:7      | Reached skill level 9 in Armour
  7516 | D:5      | Found a shadowy altar of Dithmenos.
  7526 | D:5      | Found Wost's Hydra Hut.
  7528 | D:5      | Noticed a seven-headed hydra
  7724 | D:5      | Noticed Edmund
  7747 | D:5      | Killed Edmund
  7840 | D:5      | Killed Pikel
  8228 | D:5      | Found a staircase to the Ecumenical Temple.
  8234 | Temple   | Entered the Ecumenical Temple
  8303 | D:5      | Bought a +1 long sword of flaming for 159 gold pieces
  8395 | D:7      | Reached skill level 10 in Armour
  8473 | D:8      | You fall into a shaft and drop 1 floor!
  8481 | D:9      | Found a staircase to the Lair.
  8554 | D:9      | Reached ** piety under Okawaru
  8578 | D:9      | Reached XP level 10. HP: 43/86 MP: 6/9
  8594 | D:9      | Killed from afar by an orc priest

Illustrated notes

Levels and vault maps discovered:
D:1:      lemuel_arrival_lava_pool, layout_loops_ring, serial_shops, shop,
          grunt_decor_resistance, minmay_pentomino_w2
D:2:      layout_basic, minmay_lizard_king, uniq_sigmund, uniq_terence
D:3:      layout_basic
D:4:      layout_basic, dancing_weapons_uskayaw, jmf_multi_god_temple,
          minmay_puff, uniq_natasha
D:5:      layout_basic, mainiacjoe_overflow_alcove_1, minmay_temple_entry_fiery,
          doesnt_shop_hydraphobe, uniq_grinder, uniq_prince_ribbit1,
          uniq_edmund, uniq_pikel
D:6:      layout_loops_corners, okawaru_ov_weapons_minmay
D:7:      layout_basic, mainiacjoe_overflow_six_doors_small, serial_shops,
          nicolae_shop_trees, bh_walls_and_bars
D:8:      layout_cave_pods, mainiacjoe_overflow_brackets, st_stairs_2,
          uniq_maurice
D:9:      wad_statue_garden, layout_basic, minmay_orc_entry_guard_dogs,
          special_room [special_room_orc], minmay_ruined_shrine
Temple:   eino_wide_crystal_templ

Skill      XL: |  1  2  3  4  5  6  7  8  9 |
---------------+----------------------------+-----
Fighting       | 4 5 6 7 |  7.5
Armour         | 4 5 7 8 10 | 10.7
Long Blades    | 4 5 7 9 |  9.7
Dodging        | 1 2 |  2.8
Shields        | 4 5 6 8 |  8.2
Stealth        | |  0.2
Invocations    | |  0.1
Evocations     | |  0.9

Action                   |  1- 3 |  4- 6 |  7- 9 | 10-12 || total
-------------------------+-------+-------+-------+-------++-------
Melee: Long sword        |    63 |   125 |   194 |    16 ||   398
       Headbutt          |     3 |    22 |    54 |     5 ||    84
       Falchion          |       |       |   132 |       ||   132
Invok: Heroism           |       |       |     2 |       ||     2
Evoke: Wand              |       |       |     6 |       ||     6
  Use: Potion            |     2 |       |     1 |       ||     3
       Scroll            |       |     2 |     5 |       ||     7
Armor: Scale mail        |    26 |    47 |       |       ||    73
       Plate armour      |       |    14 |   223 |     1 ||   238
Dodge: Dodged            |    28 |    51 |    88 |     4 ||   171
Block: Buckler           |    14 |    29 |    74 |     2 ||   119
